 Dungeon Crawl Stone Soup version 0.27-a0-1565-gad902ab807 (webtiles) character file.

Game seed: 9659548630610185485

7 elagabalus the Skirmisher (level 2, 26/26 HPs)
             Began as a Hill Orc Fighter on July 16, 2021.
             Quit the game on level 1 of the Dungeon.
             The game lasted 00:01:49 (98 turns).

elagabalus the Skirmisher (Hill Orc Fighter)          Turns: 98, Time: 00:01:49

Health: 26/26      AC:  6    Str: 18    XL:     2   Next: 0%
Magic:  2/2        EV:  7    Int:  8    God:
Gold:   8          SH:  9    Dex: 10    Spells: 1/1 levels left

rFire    . . .     SeeInvis .   a - +0 war axe
rCold    . . .     Faith    .   c - +0 kite shield
rNeg     . . .     Spirit   .   b - +0 scale mail
rPois    .         Reflect  .   (no helmet)
rElec    .         Harm     .   (no cloak)
rCorr    .         Rampage  .   (no gloves)
Will     .....                  (no boots)
Stlth    ..........             (no amulet)
HPRegen  0.08/turn              (no ring)
MPRegen  0.08/turn              (no ring)

@: no status effects
A: no striking features
a: no special abilities


You were on level 1 of the Dungeon.
You visited 1 branch of the dungeon, and saw 1 of its levels.

You collected 8 gold pieces.

Inventory:

Hand Weapons
 a - a +0 war axe (weapon)
Armour
 b - a +0 scale mail (worn)
 c - a +0 kite shield (worn)
Scrolls
 f - a scroll of enchant weapon {unknown}
Potions
 d - a potion of might
 e - a potion of flight {unknown}


   Skills:
 - Level 3.6 Fighting
 * Level 3.6 Axes
 - Level 3.2 Armour
 - Level 3.2 Shields


You had one spell level left.
You didn't know any spells.
Your spell library was empty.

Dungeon Overview and Level Annotations

Branches:
Dungeon (1/15)

Altars:


Message History

You block the giant cockroach's attack.
You hit the giant cockroach.
You kill the giant cockroach!
Your Axes skill increases to level 3!
A goblin comes into view. It is wielding a +0 dagger.
The goblin shouts!
You hear a shout!
A goblin comes into view. It is wielding a +0 club.
The goblin shouts!
You hit the goblin.
The goblin is heavily wounded.
You barely miss the goblin.
The goblin is heavily wounded.
You barely miss the goblin. The goblin hits you with a +0 club.
You block the goblin's attack. The goblin barely misses you.
You block the goblin's attack.
You barely miss the goblin.
The goblin is heavily wounded.
You hit the goblin. The goblin hits you but does no damage.
You block the goblin's attack. x2; The goblin barely misses you.
You barely miss the goblin.
The goblin is heavily wounded.
You closely miss the goblin. You block the goblin's attack.
The goblin hits you but does no damage.
You slash the goblin!
You kill the goblin!
You hit the goblin.
You kill the goblin!
You see here a +0 dagger.
Found a scroll labelled VYRYC VEPIFU.
f - a scroll labelled VYRYC VEPIFU An endoplasm comes into view.
The endoplasm quivers.
You barely miss the endoplasm.
The endoplasm hits you but does no damage.
You slash the endoplasm!
You kill the endoplasm!
You have reached level 2!
Welcome back, elagabalus the Hill Orc Fighter.
Press ? for a list of commands and other information.
Are you sure you want to abandon this character and quit the game? (Confirm with "yes".)

#.# #.. ### #.#
..# #.# #.########
#.# #.##.....# #.#
#.##.....# #.#
#.##.....###@#
#.##.........#
#####.##.....#####
.......#.........
######............
#.###.##.#... ####
#.# #.# .#.## ...#
#.# #.# .# # .♣.#
#.# #.#


There were no monsters in sight!

Vanquished Creatures
  A ball python (D:1)
  An endoplasm (D:1)
  A giant cockroach (D:1)
  2 goblins (D:1)
5 creatures vanquished.

Notes
Turn   | Place    | Note
-------+----------+-------------------------------------------
     0 | D:1      | elagabalus the Hill Orc Fighter began the quest for the
                  | Orb.
     0 | D:1      | Reached XP level 1. HP: 19/19 MP: 1/1
    98 | D:1      | Reached XP level 2. HP: 26/26 MP: 2/2
    98 | D:1      | Upgraded the game from 0.27-a0-1557-g57f10a385c to
                  | 0.27-a0-1565-gad902ab807
    98 | D:1      | Quit the game

Illustrated notes

Levels and vault maps discovered:
D:1:      minmay_arrival_hallway, layout_basic,
          dreamdust_ecumenical_altar_hidden_monk_grotto

Skill      XL: |  1 |
---------------+----+-----
Axes           | 3 |  3.6
Fighting       | |  3.6
Armour         | |  3.2
Shields        | |  3.2

Action                   || total
-------------------------++-------
Melee: War axe           ||    17
Armor: Scale mail        ||    10
Dodge: Dodged            ||     4
Block: Kite shield       ||    12

Table legend: (Time is in decaauts)
 A = Elapsed time spent in this place.
 B = Non-inter-level travel time spent in this place.
 C = Inter-level travel time spent in this place.
 D = Time resting spent in this place.
 E = Time spent auto-exploring this place.
 F = Levels seen in this place.
 G = Mean time per level.
                   A        B        C        D        E       F      G
               +--------+--------+--------+--------+--------+-----+--------+
         Total |    108 |     44 |     64 |      0 |      0 |   1 |  108.0 |
       Dungeon |    108 |     44 |     64 |      0 |      0 |   1 |  108.0 |
               +--------+--------+--------+--------+--------+-----+--------+

Top non-repeatable levels by time:
     D:1: 108 daAuts
